Staline vs Diables

Created - 21 mars 2015 at 19:06

Goals
1 2 3 T
Staline 1 1 1 3
Diables 2 2 3 7
Shots
1 2 3 T
Staline 17 8 10 35
Diables 9 18 12 39

1st period

1. Diables , Justin Schultz 4 (Tomas Kubalik, Brett Maclean) at 4:46
2. Diables , Andrej Meszaros 5 (Martin Grenier, Kyle Chipchura) at 16:20
3. Staline , Pierre-Luc Létourneau 22 (Devin Setoguchi, Andrei Loktionov) at 16:34

Penalties :
No Penalty

2nd period

4. Diables , Damien Brunner 39 (Matt Jones) at 0:47
5. Diables , Tomas Kubalik 7 (Martin Grenier) at 11:50
6. Staline , Keith Aulie 5 (James Sheppard, Jared Boll) at 19:26

Penalties :
Benn Ferriero (Alm) for Tripping (Minor) at 4:49, Michael Del Zotto (StJ) for Diving (Minor) at 12:01

3rd period

7. Diables , Tomas Kubalik 8 (Kyle Chipchura, Pierre-Cédric Labrie) at 8:40
8. Diables , Tomas Kubalik 9 (Pavel Valentenko) at 9:57
9. Staline , Andrei Loktionov 50 (Devin Setoguchi, Michael Del Zotto) at 17:36 (PP)
10. Diables , Taylor Beck 4 (Benn Ferriero, Andy Greene) at 18:38

Penalties :
Keith Aulie (StJ) for Tripping (Minor) at 10:11, Petr Sykora (Alm) for Slashing (Minor) at 15:52, Keith Aulie (StJ) for Interference (Minor) at 18:43

Goalie Stats

Cristopher Nilstorp (StJ), 32 saves from 39 shots - (0,821), L, 1-1-0, 60:00 minutes
Allen York (Alm), 32 saves from 35 shots - (0,914), W, 6-10-0, 60:00 minutes

Players Stats for Staline

Player Name              G  A  P  +/- PIM S  H  SB GA TA FO     MP     PP MP  PK MP  
------------------------------------------------------------------------------------
Aaron Ness               0  0  0  -1  0   0  0  0  0  0  0/0     6:18   0:00   0:30 
Andrei Loktionov         1  1  2  -1  0   4  0  0  1  0  10/26  18:59   1:44   1:11 
Cam Janssen              0  0  0  -1  0   5  1  0  1  1  0/0    17:57   1:52   1:11 
Cody Eakin               0  0  0  -1  0   0  0  0  0  1  0/3    10:32   0:00   0:02 
Danny Kristo             0  0  0   0  0   0  0  0  0  0  0/0     0:09   0:07   0:00 
David Kolomatis          0  0  0  -1  0   1  1  0  0  1  0/0    13:57   0:00   2:30 
Devin Setoguchi          0  2  2  -1  0   1  1  0  1  1  5/6    20:56   1:44   3:08 
J.T. Wyman               0  0  0  -1  0   0  1  0  0  0  0/0    10:41   0:07   0:00 
James Sheppard           0  1  1  -2  0   2  0  0  0  1  0/0     8:58   0:00   0:00 
Jamie McGinn             0  0  0   0  0   0  0  0  0  0  0/0     0:00   0:00   0:00 
Jared Boll               0  1  1  -2  0   2  0  0  0  0  0/0     9:07   0:07   0:00 
Keith Aulie              1  0  1  -1  4   3  4  4  1  0  0/0    22:35   2:41   1:16 
Mason Raymond            0  0  0  -1  0   3  0  0  1  0  0/2    17:49   1:52   0:47 
Michael Del Zotto        0  1  1  -3  2   1  0  0  0  1  0/0    18:45   1:02   1:07 
Nick Spaling             0  0  0  -1  0   0  2  0  2  0  0/1    12:07   0:00   1:19 
Peter Holland            0  0  0  -2  0   1  0  0  0  0  1/2     8:58   0:00   0:00 
Peter Mueller            0  0  0  -1  0   7  2  2  3  0  3/8    16:46   1:52   0:00 
Pierre-Luc Létourneau    1  0  1  -1  0   2  5  2  0  1  2/3    20:55   1:44   2:50 
Theo Peckham             0  0  0   0  0   1  5  3  0  1  0/0    27:02   2:41   2:59 
Torey Krug               0  0  0  -1  0   2  0  0  1  0  0/0    12:13   0:00   0:16 
Tyler Cuma               0  0  0  -3  0   0  4  3  1  0  0/0    19:59   1:02   1:50 

Players Stats for Diables

Player Name              G  A  P  +/- PIM S  H  SB GA TA FO     MP     PP MP  PK MP  
------------------------------------------------------------------------------------
Andrej Meszaros          1  0  1   2  0   3  3  1  1  0  0/0    24:11   3:10   1:47 
Andy Greene              0  1  1   1  0   1  1  3  0  2  0/0    15:34   1:21   0:00 
Benn Ferriero            0  1  1   1  2   3  0  0  1  1  2/4    10:17   0:00   0:57 
Brett Maclean            0  1  1   1  0   1  0  0  1  0  0/0    17:10   2:10   0:36 
Chris Mcallister         0  0  0  -1  0   2  1  0  0  1  1/2    21:46   2:58   2:11 
Damien Brunner           1  0  1   1  0   4  1  0  1  0  2/2    16:34   2:10   0:00 
J.T. Brown               0  0  0   1  0   0  0  0  0  0  0/0     9:25   0:06   0:00 
Justin Schultz           1  0  1   1  0   5  1  1  1  0  0/0    13:11   0:43   1:08 
Kellan Lain              0  0  0   1  0   1  6  0  0  0  7/13   17:50   2:10   1:00 
Kyle Chipchura           0  2  2   4  0   2  0  0  0  0  3/3    10:47   0:06   0:00 
Marc-André Bourdon       0  0  0   1  0   0  1  0  0  0  0/0     5:19   0:00   0:00 
Martin Grenier           0  2  2   3  0   3  3  4  0  3  0/0    27:40   2:51   1:47 
Matt Jones               0  1  1   1  0   3  2  0  0  5  0/0    21:06   2:23   1:56 
Pavel Valentenko         0  1  1   1  0   0  0  2  0  0  0/0    12:59   0:00   0:48 
Petr Sykora              0  0  0  -1  2   3  4  0  2  0  2/3    20:34   2:58   1:00 
Pierre-Cédric Labrie     0  1  1   4  0   2  1  0  0  0  0/0    10:47   0:06   0:00 
Taylor Beck              1  0  1   1  0   1  3  0  0  0  1/1    10:31   0:00   1:10 
Tomas Kubalik            3  1  4   4  0   5  1  0  0  0  0/0    10:27   0:00   0:00 
Tyler Bozak              0  0  0  -1  0   0  0  0  1  0  12/23  20:07   2:58   0:32 

3 Stars

1 - Tomas Kubalik (Alm)
2 - Martin Grenier (Alm)
3 - Kyle Chipchura (Alm)

Power Play

Staline - 1 on 2 Attempt(s) - 50,00%
Diables - 0 on 3 Attempt(s) - 0,00%

Penalty Kill

Staline - 3 on 3 Attempt(s) - 100,00% - Score 0 goal in Penalty Kill
Diables - 1 on 2 Attempt(s) - 50,00% - Score 0 goal in Penalty Kill

Team Stat

Staline - Hits : 26 - Faceoff Wins : 21 - Blocked Shots : 14 - Penalty Minutes : 6
Diables - Hits : 28 - Faceoff Wins : 30 - Blocked Shots : 11 - Penalty Minutes : 4

Official

Referees : Kowal Tom and O'Rourke Dan
Linesman : Pierre Racicot and Greg Devorski

Game Notes

Justin Schultz is injured at 18:09 of 2nd period (Right Knee)
8:40 of 3rd period - Diables goal is going for a video replay. After video review, Goal.
Tomas Kubalik has scored a Hat Trick!

Finance

Level 1 -- Attendance: 1540 (77,00%) -- Ticket Income 53 900 $
Level 2 -- Attendance: 690 (69,00%) -- Ticket Income 10 350 $
Total Attendance: 2230 (74,33%)
Total Ticket Income: 64 250 $
Other Income: 3 212 $
Total Income: 67 462 $

Staline

5 vs 5 Forward 
   Center                   Left Wing                Right Wing               Time % Phy DF OF 
 1 Andrei Loktionov         Pierre-Luc Létourneau    Devin Setoguchi          40     1   2  2  
 2 Peter Mueller            Mason Raymond            Cam Janssen              30     1   2  2  
 3 Cody Eakin               Nick Spaling             J.T. Wyman               20     1   2  2  
 4 Peter Holland            James Sheppard           Jared Boll               10     1   2  2  

5 vs 5 Defense 
   Defense                  Defense                                           Time % Phy DF OF 
 1 Theo Peckham             Keith Aulie                                       40     1   2  2  
 2 Tyler Cuma               Michael Del Zotto                                 30     1   2  2  
 3 Torey Krug               David Kolomatis                                   20     1   2  2  
 4 Aaron Ness               Theo Peckham                                      10     1   2  2  

PowerPlay Forward 
   Center                   Left Wing                Right Wing               Time % Phy DF OF 
 1 Andrei Loktionov         Pierre-Luc Létourneau    Devin Setoguchi          60     1   2  2  
 2 Peter Mueller            Mason Raymond            Cam Janssen              40     1   2  2  

PowerPlay Defense
   Defense                  Defense                                           Time % Phy DF OF 
 1 Theo Peckham             Keith Aulie                                       60     1   2  2  
 2 Tyler Cuma               Michael Del Zotto                                 40     1   2  2  

Penalty Kill 4 Players Forward 
   Center                   Wing                     Time % Phy DF OF 
 1 Devin Setoguchi          Pierre-Luc Létourneau    60     1   2  2  
 2 Cam Janssen              Andrei Loktionov         40     1   2  2  

Penalty Kill 4 Players Defense
   Defense                  Defense                  Time % Phy DF OF 
 1 Theo Peckham             Keith Aulie              60     1   2  2  
 2 Tyler Cuma               Michael Del Zotto        40     1   2  2  

Penalty Kill - 3 Players Forward 
   Forward                                           Time % Phy DF OF 
 1 Devin Setoguchi                                   60     1   2  2  
 2 Pierre-Luc Létourneau                             40     1   2  2  

Penalty Kill - 3 Players Defense
   Defense                  Defense                  Time % Phy DF OF 
 1 Theo Peckham             Keith Aulie              60     1   2  2  
 2 Tyler Cuma               Michael Del Zotto        40     1   2  2  

4 vs 4 Forward 
   Center                   Wing                     Time % Phy DF OF 
 1 Devin Setoguchi          Pierre-Luc Létourneau    60     1   2  2  
 2 Cam Janssen              Andrei Loktionov         40     1   2  2  

4 vs 4 Defense
   Defense                  Defense                  Time % Phy DF OF 
 1 Theo Peckham             Keith Aulie              60     1   2  2  
 2 Tyler Cuma               Michael Del Zotto        40     1   2  2  

Last Minutes Offensive
   Center                   Left Wing                Right Wing               Defense                  Defense                  
   Andrei Loktionov         Pierre-Luc Létourneau    Devin Setoguchi          Theo Peckham             Keith Aulie              

Last Minutes Defensive
   Center                   Left Wing                Right Wing               Defense                  Defense                  
   Andrei Loktionov         Pierre-Luc Létourneau    Devin Setoguchi          Theo Peckham             Keith Aulie              

Goaltenders
Starting : Cristopher Nilstorp      
Backup : Joni Ortio               

Extra Forwards
Normal : J.T. Wyman, Jared Boll, Nick Spaling - PP : J.T. Wyman, Jared Boll - PK : Nick Spaling
Extra Defensemen
Normal : Torey Krug, David Kolomatis, Aaron Ness - PP : Torey Krug - PK : David Kolomatis, Aaron Ness
Penalty Shots
Devin Setoguchi, Pierre-Luc Létourneau, Cam Janssen, Andrei Loktionov, Mason Raymond

Diables

5 vs 5 Forward 
   Center                   Left Wing                Right Wing               Time % Phy DF OF 
 1 Tyler Bozak              Chris Mcallister         Petr Sykora              40     1   2  2  
 2 Kellan Lain              Brett Maclean            Damien Brunner           30     1   2  2  
 3 Kyle Chipchura           Pierre-Cédric Labrie     Tomas Kubalik            20     1   2  2  
 4 Benn Ferriero            Taylor Beck              J.T. Brown               10     1   2  2  

5 vs 5 Defense 
   Defense                  Defense                                           Time % Phy DF OF 
 1 Martin Grenier           Andrej Meszaros                                   40     1   2  2  
 2 Matt Jones               Justin Schultz                                    30     1   2  2  
 3 Andy Greene              Pavel Valentenko                                  20     1   2  2  
 4 Marc-André Bourdon       Martin Grenier                                    10     1   2  2  

PowerPlay Forward 
   Center                   Left Wing                Right Wing               Time % Phy DF OF 
 1 Tyler Bozak              Chris Mcallister         Petr Sykora              60     1   2  2  
 2 Kellan Lain              Brett Maclean            Damien Brunner           40     1   2  2  

PowerPlay Defense
   Defense                  Defense                                           Time % Phy DF OF 
 1 Martin Grenier           Andrej Meszaros                                   60     1   2  2  
 2 Matt Jones               Justin Schultz                                    40     1   2  2  

Penalty Kill 4 Players Forward 
   Center                   Wing                     Time % Phy DF OF 
 1 Chris Mcallister         Petr Sykora              60     1   2  2  
 2 Brett Maclean            Tyler Bozak              40     1   2  2  

Penalty Kill 4 Players Defense
   Defense                  Defense                  Time % Phy DF OF 
 1 Martin Grenier           Andrej Meszaros          60     1   2  2  
 2 Matt Jones               Justin Schultz           40     1   2  2  

Penalty Kill - 3 Players Forward 
   Forward                                           Time % Phy DF OF 
 1 Chris Mcallister                                  60     1   2  2  
 2 Petr Sykora                                       40     1   2  2  

Penalty Kill - 3 Players Defense
   Defense                  Defense                  Time % Phy DF OF 
 1 Martin Grenier           Andrej Meszaros          60     1   2  2  
 2 Matt Jones               Justin Schultz           40     1   2  2  

4 vs 4 Forward 
   Center                   Wing                     Time % Phy DF OF 
 1 Chris Mcallister         Petr Sykora              60     1   2  2  
 2 Brett Maclean            Tyler Bozak              40     1   2  2  

4 vs 4 Defense
   Defense                  Defense                  Time % Phy DF OF 
 1 Martin Grenier           Andrej Meszaros          60     1   2  2  
 2 Matt Jones               Justin Schultz           40     1   2  2  

Last Minutes Offensive
   Center                   Left Wing                Right Wing               Defense                  Defense                  
   Tyler Bozak              Chris Mcallister         Petr Sykora              Martin Grenier           Andrej Meszaros          

Last Minutes Defensive
   Center                   Left Wing                Right Wing               Defense                  Defense                  
   Tyler Bozak              Chris Mcallister         Petr Sykora              Martin Grenier           Andrej Meszaros          

Goaltenders
Starting : Allen York               
Backup : Jeff Glass               

Extra Forwards
Normal : Pierre-Cédric Labrie, Kyle Chipchura, Benn Ferriero - PP : Pierre-Cédric Labrie, Kyle Chipchura - PK : Benn Ferriero
Extra Defensemen
Normal : Andy Greene, Pavel Valentenko, Marc-André Bourdon - PP : Andy Greene - PK : Pavel Valentenko, Marc-André Bourdon
Penalty Shots
Chris Mcallister, Petr Sykora, Brett Maclean, Tyler Bozak, Damien Brunner

% Time on Ice - Staline

Lines # - Real PCT - Wanted PCT - Time Play
Normal Forward
1 - 33% - 40% - 16:58
2 - 29% - 30% - 14:54
3 - 20% - 20% - 10:13
4 - 18% - 10% - 8:58
Normal Defense
1 - 36% - 40% - 18:19
2 - 34% - 30% - 17:07
3 - 22% - 20% - 11:17
4 - 8% - 10% - 4:20
PP Forward
1 - 50% - 60% - 1:51
2 - 50% - 40% - 1:52
PP Defense
1 - 72% - 60% - 2:41
2 - 28% - 40% - 1:02
PK Forward
1 - 77% - 60% - 4:03
2 - 23% - 40% - 1:11
PK Defense
1 - 65% - 60% - 3:24
2 - 35% - 40% - 1:50
PK3 Forward
1 - 0% - 60%
2 - 0% - 40%
PK3 Defense
1 - 0% - 60%
2 - 0% - 40%
44 Forward
1 - 0% - 60%
2 - 0% - 40%
44 Defense
1 - 0% - 60%
2 - 0% - 40%
Last Minute Offensive  - 0:00
Last Minute Defensive  - 0:00
Total
Forward - 60:00
Defense - 60:00

% Time on Ice - Diables

Lines # - Real PCT - Wanted PCT - Time Play
Normal Forward
1 - 34% - 40% - 17:07
2 - 28% - 30% - 14:24
3 - 20% - 20% - 10:27
4 - 18% - 10% - 9:05
Normal Defense
1 - 36% - 40% - 18:28
2 - 33% - 30% - 16:54
3 - 22% - 20% - 11:07
4 - 9% - 10% - 4:34
PP Forward
1 - 59% - 60% - 3:04
2 - 41% - 40% - 2:10
PP Defense
1 - 54% - 60% - 2:51
2 - 46% - 40% - 2:23
PK Forward
1 - 86% - 60% - 3:11
2 - 14% - 40% - 0:32
PK Defense
1 - 48% - 60% - 1:47
2 - 52% - 40% - 1:56
PK3 Forward
1 - 0% - 60%
2 - 0% - 40%
PK3 Defense
1 - 0% - 60%
2 - 0% - 40%
44 Forward
1 - 0% - 60%
2 - 0% - 40%
44 Defense
1 - 0% - 60%
2 - 0% - 40%
Last Minute Offensive  - 0:00
Last Minute Defensive  - 0:00
Total
Forward - 60:00
Defense - 60:00

Play by Play

1st period


0:01 of 1st period - Andrei Loktionov wins face-off versus Tyler Bozak in neutral zone.
0:18 of 1st period - Chris Mcallister is hit by Theo Peckham and loses puck.
0:50 of 1st period - Wrist shot by Petr Sykora.
0:50 of 1st period - Shot Misses the Net.
1:45 of 1st period - Wrist shot by Tyler Bozak.
1:45 of 1st period - Shot Misses the Net.
2:05 of 1st period - Snap shot by Peter Mueller.
2:05 of 1st period - Stopped by Allen York with a rebound.
2:07 of 1st period - Slapshot by Mason Raymond.
2:07 of 1st period - Shot Blocked by Martin Grenier.
2:09 of 1st period - Slapshot by Michael Del Zotto.
2:09 of 1st period - Shot Blocked by Martin Grenier.
2:11 of 1st period - Slapshot by Tyler Cuma.
2:11 of 1st period - Shot Blocked by Andrej Meszaros.
2:17 of 1st period - Wrist shot by Peter Mueller.
2:17 of 1st period - Deflect By Tyler Bozak.
2:17 of 1st period - Stopped by Allen York with a rebound.
2:19 of 1st period - Wrist shot by Peter Mueller.
2:19 of 1st period - Shot Misses the Net.
2:21 of 1st period - Snap shot by Cam Janssen.
2:21 of 1st period - Stopped by Allen York with a rebound.
2:23 of 1st period - Wrist shot by Tyler Cuma.
2:23 of 1st period - Shot Misses the Net.
2:25 of 1st period - Wrist shot by Cam Janssen.
2:25 of 1st period - Stopped by Allen York without a rebound.
2:26 of 1st period - Devin Setoguchi wins face-off versus Kellan Lain in Diables zone.
2:37 of 1st period - Slapshot by Brett Maclean.
2:37 of 1st period - Shot Blocked by Theo Peckham.
3:02 of 1st period - Slapshot by Theo Peckham.
3:02 of 1st period - Deflect By Peter Holland.
3:02 of 1st period - Stopped by Allen York without a rebound.
3:03 of 1st period - Andrei Loktionov wins face-off versus Kellan Lain in Diables zone.
3:35 of 1st period - Snap shot by James Sheppard.
3:35 of 1st period - Shot Blocked by Andy Greene.
3:37 of 1st period - Snap shot by Torey Krug.
3:37 of 1st period - Stopped by Allen York with a rebound.
3:39 of 1st period - Snap shot by Jared Boll.
3:39 of 1st period - Shot Misses the Net.
3:41 of 1st period - Snap shot by James Sheppard.
3:41 of 1st period - Stopped by Allen York with a rebound.
3:43 of 1st period - Slapshot by David Kolomatis.
3:43 of 1st period - Stopped by Allen York without a rebound.
3:44 of 1st period - Taylor Beck wins face-off versus Cody Eakin in Diables zone.
4:03 of 1st period - Nick Spaling is hit by Taylor Beck and loses puck.
4:44 of 1st period - Wrist shot by Tomas Kubalik.
4:44 of 1st period - Stopped by Cristopher Nilstorp with a rebound.
4:46 of 1st period - Slapshot by Justin Schultz.
4:46 of 1st period - Goal by Justin Schultz - Staline : 0 - Diables : 1.
4:47 of 1st period - Kellan Lain wins face-off versus Andrei Loktionov in neutral zone.
5:12 of 1st period - Kyle Chipchura is hit by Theo Peckham and loses puck.
5:31 of 1st period - Wrist shot by Cody Eakin.
5:31 of 1st period - Shot Misses the Net.
5:39 of 1st period - Snap shot by Mason Raymond.
5:39 of 1st period - Stopped by Allen York with a rebound.
5:55 of 1st period - David Kolomatis is hit by Petr Sykora and loses puck.
6:04 of 1st period - Snap shot by Tyler Bozak.
6:04 of 1st period - Shot Misses the Net.
6:11 of 1st period - Icing by David Kolomatis.
6:12 of 1st period - Kellan Lain wins face-off versus Andrei Loktionov in Staline zone.
6:15 of 1st period - Snap shot by Damien Brunner.
6:15 of 1st period - Deflect By Kellan Lain.
6:15 of 1st period - Stopped by Cristopher Nilstorp with a rebound.
6:27 of 1st period - Wrist shot by Andrei Loktionov.
6:27 of 1st period - Stopped by Allen York without a rebound.
6:28 of 1st period - Kyle Chipchura wins face-off versus Cody Eakin in Diables zone.
6:41 of 1st period - Martin Grenier is hit by J.T. Wyman and loses puck.
6:48 of 1st period - Keith Aulie is hit by Marc-André Bourdon and loses puck.
7:10 of 1st period - Slapshot by Petr Sykora.
7:10 of 1st period - Shot Misses the Net.
7:51 of 1st period - Wrist shot by Peter Mueller.
7:51 of 1st period - Deflect By Matt Jones.
7:51 of 1st period - Stopped by Allen York with a rebound.
7:53 of 1st period - Wrist shot by Theo Peckham.
7:53 of 1st period - Deflect By Peter Mueller.
7:53 of 1st period - Stopped by Allen York with a rebound.
7:55 of 1st period - Slapshot by Keith Aulie.
7:55 of 1st period - Stopped by Allen York with a rebound.
8:27 of 1st period - Tyler Bozak is hit by Pierre-Luc Létourneau and loses puck.
9:06 of 1st period - Snap shot by Jared Boll.
9:06 of 1st period - Shot Misses the Net.
9:08 of 1st period - Wrist shot by Michael Del Zotto.
9:08 of 1st period - Shot Blocked by Andy Greene.
9:10 of 1st period - Wrist shot by Nick Spaling.
9:10 of 1st period - Shot Blocked by Andy Greene.
9:23 of 1st period - Icing by Torey Krug.
9:24 of 1st period - Kyle Chipchura wins face-off versus Peter Mueller in Staline zone.
9:27 of 1st period - Wrist shot by Pierre-Cédric Labrie.
9:27 of 1st period - Stopped by Cristopher Nilstorp with a rebound.
10:01 of 1st period - Wrist shot by Damien Brunner.
10:01 of 1st period - Stopped by Cristopher Nilstorp with a rebound.
12:26 of 1st period - Justin Schultz is hit by Tyler Cuma and loses puck.
13:20 of 1st period - Mason Raymond is hit by Andrej Meszaros.
13:38 of 1st period - Slapshot by Martin Grenier.
13:38 of 1st period - Deflect By Tomas Kubalik.
13:38 of 1st period - Stopped by Cristopher Nilstorp with a rebound.
13:40 of 1st period - Snap shot by Kyle Chipchura.
13:40 of 1st period - Shot Misses the Net.
14:10 of 1st period - Jared Boll is hit by Martin Grenier and loses puck.
15:24 of 1st period - Snap shot by Devin Setoguchi.
15:24 of 1st period - Shot Misses the Net.
15:26 of 1st period - Slapshot by Pierre-Luc Létourneau.
15:26 of 1st period - Shot Misses the Net.
15:36 of 1st period - David Kolomatis is hit by Justin Schultz and loses puck.
15:45 of 1st period - Backhand shot by Damien Brunner.
15:45 of 1st period - Shot Misses the Net.
15:57 of 1st period - Andrej Meszaros is hit by Peter Mueller and loses puck.
16:20 of 1st period - Wrist shot by Andrej Meszaros.
16:20 of 1st period - Deflect By Pierre-Luc Létourneau.
16:20 of 1st period - Goal by Andrej Meszaros - Staline : 0 - Diables : 2.
16:21 of 1st period - Tyler Bozak wins face-off versus Andrei Loktionov in neutral zone.
16:32 of 1st period - Snap shot by Devin Setoguchi.
16:32 of 1st period - Shot Misses the Net.
16:34 of 1st period - Snap shot by Pierre-Luc Létourneau.
16:34 of 1st period - Goal by Pierre-Luc Létourneau - Staline : 1 - Diables : 2.
16:35 of 1st period - Andrei Loktionov wins face-off versus Tyler Bozak in neutral zone.
17:02 of 1st period - Mason Raymond is hit by Andrej Meszaros and loses puck.
17:23 of 1st period - Snap shot by Benn Ferriero.
17:23 of 1st period - Stopped by Cristopher Nilstorp with a rebound.
18:04 of 1st period - Petr Sykora is hit by Pierre-Luc Létourneau and loses puck.
18:24 of 1st period - Wrist shot by Peter Mueller.
18:24 of 1st period - Stopped by Allen York with a rebound.
18:26 of 1st period - Slapshot by Torey Krug.
18:26 of 1st period - Shot Blocked by Martin Grenier.
18:34 of 1st period - Snap shot by Peter Mueller.
18:34 of 1st period - Stopped by Allen York with a rebound.
18:44 of 1st period - Snap shot by Benn Ferriero.
18:44 of 1st period - Deflect By Taylor Beck.
18:44 of 1st period - Shot Misses the Net.
18:44 of 1st period - Puck is out of play.
18:45 of 1st period - Benn Ferriero wins face-off versus Nick Spaling in Staline zone.
18:58 of 1st period - Wrist shot by J.T. Wyman.
18:58 of 1st period - Shot Blocked by Pavel Valentenko.
19:00 of 1st period - Snap shot by Torey Krug.
19:00 of 1st period - Stopped by Allen York with a rebound.
19:25 of 1st period - Pavel Valentenko is hit by Keith Aulie and loses puck.
19:36 of 1st period - Chris Mcallister is hit by Theo Peckham and loses puck.
19:43 of 1st period - James Sheppard is hit by Matt Jones and loses puck.
19:54 of 1st period - Snap shot by Petr Sykora.
19:54 of 1st period - Stopped by Cristopher Nilstorp without a rebound.
19:55 of 1st period - Kellan Lain wins face-off versus Peter Mueller in Staline zone.
Goals for this period are 1 for Staline vs 2 for Diables.
Shots for this period are 17 for Staline vs 9 for Diables.

2nd period


0:01 of 2nd period - Devin Setoguchi wins face-off versus Tyler Bozak in neutral zone.
0:26 of 2nd period - Theo Peckham is hit by Tomas Kubalik and loses puck.
0:33 of 2nd period - Snap shot by Pierre-Cédric Labrie.
0:33 of 2nd period - Deflect By Devin Setoguchi.
0:33 of 2nd period - Shot Blocked by Keith Aulie.
0:33 of 2nd period - Puck is out of play.
0:34 of 2nd period - Kellan Lain wins face-off versus Mason Raymond in Staline zone.
0:39 of 2nd period - Wrist shot by Damien Brunner.
0:39 of 2nd period - Shot Blocked by Tyler Cuma.
0:47 of 2nd period - Wrist shot by Damien Brunner.
0:47 of 2nd period - Goal by Damien Brunner - Staline : 1 - Diables : 3.
0:48 of 2nd period - Petr Sykora wins face-off versus Andrei Loktionov in neutral zone.
1:20 of 2nd period - Wrist shot by Brett Maclean.
1:20 of 2nd period - Shot Hit the Post.
2:25 of 2nd period - Wrist shot by Chris Mcallister.
2:25 of 2nd period - Stopped by Cristopher Nilstorp with a rebound.
2:27 of 2nd period - Wrist shot by Chris Mcallister.
2:27 of 2nd period - Shot Misses the Net.
2:39 of 2nd period - Slapshot by Damien Brunner.
2:39 of 2nd period - Stopped by Cristopher Nilstorp without a rebound.
2:40 of 2nd period - Peter Mueller wins face-off versus Kellan Lain in Staline zone.
3:06 of 2nd period - Off-side.
3:07 of 2nd period - Andrei Loktionov wins face-off versus Tyler Bozak in neutral zone.
3:12 of 2nd period - Wrist shot by Andrei Loktionov.
3:12 of 2nd period - Stopped by Allen York with a rebound.
3:20 of 2nd period - Slapshot by Matt Jones.
3:20 of 2nd period - Stopped by Cristopher Nilstorp without a rebound.
3:21 of 2nd period - Andrei Loktionov wins face-off versus Kellan Lain in Staline zone.
3:46 of 2nd period - Brett Maclean is hit by Nick Spaling and loses puck.
3:55 of 2nd period - Snap shot by Nick Spaling.
3:55 of 2nd period - Shot Misses the Net.
3:59 of 2nd period - Snap shot by Nick Spaling.
3:59 of 2nd period - Shot Misses the Net.
4:11 of 2nd period - Slapshot by Martin Grenier.
4:11 of 2nd period - Shot Misses the Net.
4:13 of 2nd period - Wrist shot by Petr Sykora.
4:13 of 2nd period - Shot Blocked by Tyler Cuma.
4:15 of 2nd period - Slapshot by Martin Grenier.
4:15 of 2nd period - Stopped by Cristopher Nilstorp with a rebound.
4:49 of 2nd period - Minor Penalty to Benn Ferriero for Tripping.
4:50 of 2nd period - Petr Sykora wins face-off versus Andrei Loktionov in Diables zone.
4:50 of 2nd period - Petr Sykora is hit by Keith Aulie.
5:22 of 2nd period - Snap shot by Peter Mueller.
5:22 of 2nd period - Shot Blocked by Justin Schultz.
6:49 of 2nd period - Penalty to Benn Ferriero is over, Benn Ferriero is back on ice.
7:02 of 2nd period - Wrist shot by J.T. Wyman.
7:02 of 2nd period - Shot Misses the Net.
7:04 of 2nd period - Wrist shot by J.T. Wyman.
7:04 of 2nd period - Deflect By Cody Eakin.
7:04 of 2nd period - Shot Blocked by Martin Grenier.
7:04 of 2nd period - Puck is out of play.
7:05 of 2nd period - Kyle Chipchura wins face-off versus Peter Holland in Diables zone.
7:32 of 2nd period - Nick Spaling is hit by Damien Brunner and loses puck.
8:13 of 2nd period - Pierre-Luc Létourneau is hit by Taylor Beck and loses puck.
8:18 of 2nd period - Wrist shot by Benn Ferriero.
8:18 of 2nd period - Stopped by Cristopher Nilstorp without a rebound.
8:19 of 2nd period - Pierre-Luc Létourneau wins face-off versus Benn Ferriero in Staline zone.
8:24 of 2nd period - Justin Schultz is hit by Theo Peckham and loses puck.
8:43 of 2nd period - Slapshot by Matt Jones.
8:43 of 2nd period - Stopped by Cristopher Nilstorp without a rebound.
8:44 of 2nd period - Tyler Bozak wins face-off versus Peter Mueller in Staline zone.
8:51 of 2nd period - Snap shot by Petr Sykora.
8:51 of 2nd period - Shot Misses the Net.
8:59 of 2nd period - Slapshot by Peter Mueller.
8:59 of 2nd period - Stopped by Allen York with a rebound.
9:24 of 2nd period - Theo Peckham is hit by Kellan Lain and loses puck.
9:35 of 2nd period - Tomas Kubalik is hit by Nick Spaling and loses puck.
10:47 of 2nd period - Slapshot by Justin Schultz.
10:47 of 2nd period - Stopped by Cristopher Nilstorp with a rebound.
10:49 of 2nd period - Snap shot by Pierre-Cédric Labrie.
10:49 of 2nd period - Shot Blocked by Tyler Cuma.
10:51 of 2nd period - Snap shot by Justin Schultz.
10:51 of 2nd period - Stopped by Cristopher Nilstorp with a rebound.
10:53 of 2nd period - Snap shot by Justin Schultz.
10:53 of 2nd period - Stopped by Cristopher Nilstorp without a rebound.
10:54 of 2nd period - Peter Mueller wins face-off versus Tyler Bozak in Staline zone.
11:50 of 2nd period - Snap shot by Tomas Kubalik.
11:50 of 2nd period - Goal by Tomas Kubalik - Staline : 1 - Diables : 4.
11:51 of 2nd period - Tyler Bozak wins face-off versus Andrei Loktionov in neutral zone.
11:56 of 2nd period - Snap shot by Chris Mcallister.
11:56 of 2nd period - Shot Misses the Net.
11:58 of 2nd period - Wrist shot by Chris Mcallister.
11:58 of 2nd period - Stopped by Cristopher Nilstorp without a rebound.
11:59 of 2nd period - Andrei Loktionov wins face-off versus Tyler Bozak in Staline zone.
12:01 of 2nd period - Minor Penalty to Michael Del Zotto for Diving.
12:02 of 2nd period - Devin Setoguchi wins face-off versus Petr Sykora in Staline zone.
12:10 of 2nd period - Snap shot by Devin Setoguchi.
12:10 of 2nd period - Stopped by Allen York without a rebound.
12:11 of 2nd period - Tyler Bozak wins face-off versus Devin Setoguchi in Diables zone.
12:11 of 2nd period - Tyler Bozak is hit by Keith Aulie.
12:27 of 2nd period - Snap shot by Petr Sykora.
12:27 of 2nd period - Stopped by Cristopher Nilstorp with a rebound.
12:35 of 2nd period - Wrist shot by Chris Mcallister.
12:35 of 2nd period - Shot Misses the Net.
12:37 of 2nd period - Snap shot by Chris Mcallister.
12:37 of 2nd period - Shot Blocked by Keith Aulie.
12:39 of 2nd period - Slapshot by Tyler Bozak.
12:39 of 2nd period - Deflect By Petr Sykora.
12:39 of 2nd period - Deflect By Devin Setoguchi.
12:39 of 2nd period - Stopped by Cristopher Nilstorp with a rebound.
12:41 of 2nd period - Slapshot by Martin Grenier.
12:41 of 2nd period - Shot Blocked by Pierre-Luc Létourneau.
12:43 of 2nd period - Snap shot by Andrej Meszaros.
12:43 of 2nd period - Stopped by Cristopher Nilstorp without a rebound.
12:44 of 2nd period - Kellan Lain wins face-off versus Pierre-Luc Létourneau in Staline zone.
14:01 of 2nd period - Penalty to Michael Del Zotto is over, Michael Del Zotto is back on ice.
14:05 of 2nd period - Slapshot by Michael Del Zotto.
14:05 of 2nd period - Stopped by Allen York with a rebound.
14:23 of 2nd period - Wrist shot by Taylor Beck.
14:23 of 2nd period - Shot Misses the Net.
14:25 of 2nd period - Wrist shot by Taylor Beck.
14:25 of 2nd period - Shot Misses the Net.
14:41 of 2nd period - Peter Holland is hit by Pierre-Cédric Labrie and loses puck.
15:00 of 2nd period - Snap shot by Pierre-Luc Létourneau.
15:00 of 2nd period - Shot Misses the Net.
15:58 of 2nd period - Nick Spaling is hit by Matt Jones.
16:23 of 2nd period - Snap shot by Pierre-Cédric Labrie.
16:23 of 2nd period - Stopped by Cristopher Nilstorp with a rebound.
17:04 of 2nd period - Slapshot by Keith Aulie.
17:04 of 2nd period - Stopped by Allen York with a rebound.
17:55 of 2nd period - David Kolomatis is hit by Andy Greene and loses puck.
18:00 of 2nd period - Slapshot by Justin Schultz.
18:00 of 2nd period - Stopped by Cristopher Nilstorp without a rebound.
18:01 of 2nd period - Damien Brunner wins face-off versus Andrei Loktionov in Staline zone.
18:08 of 2nd period - Justin Schultz is hit by Pierre-Luc Létourneau and loses puck.
18:09 of 2nd period - Justin Schultz from Diables is injured at 18:09 of 2nd period (Right Knee).
18:10 of 2nd period - Tyler Bozak wins face-off versus Andrei Loktionov in Diables zone.
18:10 of 2nd period - Tyler Bozak is hit by Keith Aulie.
18:39 of 2nd period - Cam Janssen is hit by Kellan Lain and loses puck.
19:02 of 2nd period - Slapshot by Tomas Kubalik.
19:02 of 2nd period - Shot Misses the Net.
19:04 of 2nd period - Slapshot by Matt Jones.
19:04 of 2nd period - Shot Blocked by Keith Aulie.
19:06 of 2nd period - Slapshot by Andy Greene.
19:06 of 2nd period - Shot Blocked by Keith Aulie.
19:08 of 2nd period - Slapshot by Matt Jones.
19:08 of 2nd period - Stopped by Cristopher Nilstorp with a rebound.
19:22 of 2nd period - Wrist shot by Jared Boll.
19:22 of 2nd period - Stopped by Allen York with a rebound.
19:24 of 2nd period - Slapshot by James Sheppard.
19:24 of 2nd period - Stopped by Allen York with a rebound.
19:26 of 2nd period - Snap shot by Keith Aulie.
19:26 of 2nd period - Goal by Keith Aulie - Staline : 2 - Diables : 4.
19:27 of 2nd period - Andrei Loktionov wins face-off versus Tyler Bozak in neutral zone.
19:30 of 2nd period - Andrej Meszaros is hit by Devin Setoguchi and loses puck.
19:57 of 2nd period - Slapshot by Martin Grenier.
19:57 of 2nd period - Deflect By Brett Maclean.
19:57 of 2nd period - Shot Blocked by Peter Mueller.
19:57 of 2nd period - Puck is out of play.
19:58 of 2nd period - Peter Mueller wins face-off versus Kellan Lain in Staline zone.
Goals for this period are 1 for Staline vs 2 for Diables.
Shots for this period are 8 for Staline vs 18 for Diables.

3rd period


0:01 of 3rd period - Tyler Bozak wins face-off versus Andrei Loktionov in neutral zone.
0:04 of 3rd period - Theo Peckham is hit by Chris Mcallister.
0:05 of 3rd period - Icing by Theo Peckham.
0:06 of 3rd period - Pierre-Luc Létourneau wins face-off versus Tyler Bozak in Staline zone.
0:13 of 3rd period - Petr Sykora is hit by Theo Peckham and loses puck.
0:50 of 3rd period - Icing by Andrej Meszaros.
0:51 of 3rd period - Kellan Lain wins face-off versus Cody Eakin in Diables zone.
0:51 of 3rd period - Kellan Lain is hit by Tyler Cuma.
0:57 of 3rd period - Wrist shot by Brett Maclean.
0:57 of 3rd period - Shot Misses the Net.
0:59 of 3rd period - Wrist shot by Petr Sykora.
0:59 of 3rd period - Shot Misses the Net.
1:01 of 3rd period - Slapshot by Andrej Meszaros.
1:01 of 3rd period - Stopped by Cristopher Nilstorp with a rebound.
1:21 of 3rd period - Snap shot by Martin Grenier.
1:21 of 3rd period - Deflect By Andrei Loktionov.
1:21 of 3rd period - Stopped by Cristopher Nilstorp with a rebound.
1:39 of 3rd period - Cam Janssen is hit by Kellan Lain and loses puck.
1:55 of 3rd period - Andrej Meszaros is hit by Peter Mueller and loses puck.
2:29 of 3rd period - Slapshot by Theo Peckham.
2:29 of 3rd period - Shot Misses the Net.
2:31 of 3rd period - Snap shot by Cam Janssen.
2:31 of 3rd period - Stopped by Allen York with a rebound.
2:33 of 3rd period - Snap shot by Mason Raymond.
2:33 of 3rd period - Stopped by Allen York with a rebound.
2:43 of 3rd period - Snap shot by Peter Mueller.
2:43 of 3rd period - Shot Misses the Net.
2:45 of 3rd period - Snap shot by Cam Janssen.
2:45 of 3rd period - Stopped by Allen York without a rebound.
2:46 of 3rd period - Tyler Bozak wins face-off versus Andrei Loktionov in Diables zone.
3:22 of 3rd period - Slapshot by Andy Greene.
3:22 of 3rd period - Shot Misses the Net.
3:33 of 3rd period - Icing by Matt Jones.
3:34 of 3rd period - Peter Holland wins face-off versus Benn Ferriero in Diables zone.
3:34 of 3rd period - Peter Holland is hit by Taylor Beck.
3:44 of 3rd period - Slapshot by Andy Greene.
3:44 of 3rd period - Stopped by Cristopher Nilstorp without a rebound.
3:45 of 3rd period - Andrei Loktionov wins face-off versus Tyler Bozak in Staline zone.
4:00 of 3rd period - Wrist shot by Andrei Loktionov.
4:00 of 3rd period - Stopped by Allen York with a rebound.
4:41 of 3rd period - Icing by Michael Del Zotto.
4:42 of 3rd period - Kellan Lain wins face-off versus Peter Mueller in Staline zone.
4:55 of 3rd period - Wrist shot by Brett Maclean.
4:55 of 3rd period - Shot Blocked by Peter Mueller.
4:57 of 3rd period - Slapshot by Martin Grenier.
4:57 of 3rd period - Stopped by Cristopher Nilstorp with a rebound.
5:14 of 3rd period - Pierre-Luc Létourneau is hit by Martin Grenier and loses puck.
5:51 of 3rd period - Keith Aulie is hit by Petr Sykora and loses puck.
6:12 of 3rd period - Wrist shot by Damien Brunner.
6:12 of 3rd period - Shot Misses the Net.
6:14 of 3rd period - Wrist shot by Brett Maclean.
6:14 of 3rd period - Stopped by Cristopher Nilstorp without a rebound.
6:15 of 3rd period - Damien Brunner wins face-off versus Peter Mueller in Staline zone.
6:42 of 3rd period - Andy Greene is hit by Pierre-Luc Létourneau and loses puck.
7:05 of 3rd period - Snap shot by Pierre-Cédric Labrie.
7:05 of 3rd period - Shot Misses the Net.
7:33 of 3rd period - Wrist shot by Benn Ferriero.
7:33 of 3rd period - Stopped by Cristopher Nilstorp with a rebound.
7:59 of 3rd period - Keith Aulie is hit by Kellan Lain and loses puck.
8:34 of 3rd period - Snap shot by Tomas Kubalik.
8:34 of 3rd period - Shot Misses the Net.
8:36 of 3rd period - Wrist shot by Kyle Chipchura.
8:36 of 3rd period - Stopped by Cristopher Nilstorp with a rebound.
8:38 of 3rd period - Wrist shot by Kyle Chipchura.
8:38 of 3rd period - Stopped by Cristopher Nilstorp with a rebound.
8:40 of 3rd period - Slapshot by Tomas Kubalik.
8:40 of 3rd period - Diables goal is going for a video replay.
8:40 of 3rd period - The goal is good.
8:40 of 3rd period - Goal by Tomas Kubalik - Staline : 2 - Diables : 5.
8:41 of 3rd period - Tyler Bozak wins face-off versus Andrei Loktionov in neutral zone.
9:13 of 3rd period - Wrist shot by Cam Janssen.
9:13 of 3rd period - Stopped by Allen York with a rebound.
9:57 of 3rd period - Slapshot by Tomas Kubalik.
9:57 of 3rd period - Goal by Tomas Kubalik - Staline : 2 - Diables : 6.
9:58 of 3rd period - Tyler Bozak wins face-off versus Andrei Loktionov in neutral zone.
10:03 of 3rd period - Icing by Theo Peckham.
10:04 of 3rd period - Tyler Bozak wins face-off versus Andrei Loktionov in Staline zone.
10:09 of 3rd period - Wrist shot by Chris Mcallister.
10:09 of 3rd period - Shot Misses the Net.
10:11 of 3rd period - Minor Penalty to Keith Aulie for Tripping.
10:12 of 3rd period - Devin Setoguchi wins face-off versus Tyler Bozak in Staline zone.
10:12 of 3rd period - Devin Setoguchi is hit by Petr Sykora.
10:49 of 3rd period - Wrist shot by Damien Brunner.
10:49 of 3rd period - Stopped by Cristopher Nilstorp with a rebound.
10:51 of 3rd period - Snap shot by Damien Brunner.
10:51 of 3rd period - Shot Blocked by Theo Peckham.
12:11 of 3rd period - Penalty to Keith Aulie is over, Keith Aulie is back on ice.
12:31 of 3rd period - Matt Jones is hit by Cam Janssen and loses puck.
12:38 of 3rd period - Taylor Beck is hit by Tyler Cuma.
12:54 of 3rd period - Snap shot by Jared Boll.
12:54 of 3rd period - Stopped by Allen York with a rebound.
13:33 of 3rd period - Cody Eakin is hit by Andrej Meszaros and loses puck.
14:20 of 3rd period - Brett Maclean is hit by David Kolomatis and loses puck.
14:50 of 3rd period - Taylor Beck is hit by Pierre-Luc Létourneau and loses puck.
15:32 of 3rd period - Snap shot by Nick Spaling.
15:32 of 3rd period - Shot Misses the Net.
15:34 of 3rd period - Backhand shot by Theo Peckham.
15:34 of 3rd period - Stopped by Allen York without a rebound.
15:35 of 3rd period - Tyler Bozak wins face-off versus Mason Raymond in Diables zone.
15:44 of 3rd period - Mason Raymond is hit by Petr Sykora and loses puck.
15:52 of 3rd period - Minor Penalty to Petr Sykora for Slashing.
15:53 of 3rd period - Chris Mcallister wins face-off versus Andrei Loktionov in Diables zone.
16:02 of 3rd period - Slapshot by Keith Aulie.
16:02 of 3rd period - Shot Misses the Net.
17:20 of 3rd period - Snap shot by Pierre-Luc Létourneau.
17:20 of 3rd period - Stopped by Allen York without a rebound.
17:21 of 3rd period - Andrei Loktionov wins face-off versus Chris Mcallister in Diables zone.
17:34 of 3rd period - Slapshot by Andrei Loktionov.
17:34 of 3rd period - Shot Blocked by Pavel Valentenko.
17:36 of 3rd period - Snap shot by Andrei Loktionov.
17:36 of 3rd period - Goal by Andrei Loktionov - Staline : 3 - Diables : 6.
17:37 of 3rd period - Andrei Loktionov wins face-off versus Kellan Lain in neutral zone.
18:02 of 3rd period - David Kolomatis is hit by Martin Grenier and loses puck.
18:11 of 3rd period - Snap shot by Mason Raymond.
18:11 of 3rd period - Stopped by Allen York with a rebound.
18:16 of 3rd period - Martin Grenier is hit by Tyler Cuma.
18:28 of 3rd period - Snap shot by Matt Jones.
18:28 of 3rd period - Deflect By J.T. Brown.
18:28 of 3rd period - Shot Misses the Net.
18:28 of 3rd period - Puck is out of play.
18:29 of 3rd period - Benn Ferriero wins face-off versus Andrei Loktionov in Staline zone.
18:32 of 3rd period - Snap shot by Benn Ferriero.
18:32 of 3rd period - Shot Blocked by Theo Peckham.
18:34 of 3rd period - Slapshot by Taylor Beck.
18:34 of 3rd period - Shot Misses the Net.
18:36 of 3rd period - Snap shot by Taylor Beck.
18:36 of 3rd period - Shot Blocked by Pierre-Luc Létourneau.
18:38 of 3rd period - Wrist shot by Taylor Beck.
18:38 of 3rd period - Goal by Taylor Beck - Staline : 3 - Diables : 7.
18:39 of 3rd period - Tyler Bozak wins face-off versus Andrei Loktionov in neutral zone.
18:43 of 3rd period - Minor Penalty to Keith Aulie for Interference.
18:44 of 3rd period - Devin Setoguchi wins face-off versus Tyler Bozak in Staline zone.
19:09 of 3rd period - David Kolomatis is hit by Kellan Lain and loses puck.
19:48 of 3rd period - Cam Janssen is hit by Kellan Lain and loses puck.
Goals for this period are 1 for Staline vs 3 for Diables.
Shots for this period are 10 for Staline vs 12 for Diables.


Output by the SimonT Hockey Simulator (STHS) for François Prévost -- Original Page W3C XHTML 1.0 Valid
Hockey Simulator - Hockey Simulation - Hockey Manager